 Dungeon Crawl Stone Soup version 0.27.0-1-g7a089689b8 (webtiles) character file.

Game seed: 9775317414525049082

76 pkoi the Ruffian (level 4, 0/38 HPs)
             Began as a Draconian Monk on Aug 17, 2021.
             Slain by a hobgoblin (3 damage)
             ... led by Robin
             ... on level 2 of the Dungeon.
             The game lasted 00:01:00 (1747 turns).

pkoi the Ruffian (Draconian Monk)                   Turns: 1747, Time: 00:01:01

Health: 0/38       AC:  5    Str: 14    XL:     4   Next: 12%
Magic:  2/4        EV: 12    Int: 11    God:
Gold:   95         SH:  0    Dex: 11    Spells: 3/3 levels left

rFire    . . .     SeeInvis .     - Unarmed
rCold    . . .     Faith    .   (no shield)
rNeg     . . .     Spirit   .   (armour unavailable)
rPois    .         Reflect  .   (helmet restricted)
rElec    .         Harm     .   (no cloak)
rCorr    .         Rampage  .   (no gloves)
Will     .....                  (no boots)
Stlth    ++........             (no amulet)
HPRegen  0.12/turn              (no ring)
MPRegen  0.09/turn              (no ring)

@: attractive, hasted, very quick
A: AC +5, unfitting armour, cold-blooded, clumsy 1, mutation resistance 1
a: no special abilities


You were on level 2 of the Dungeon.
You visited 1 branch of the dungeon, and saw 2 of its levels.

You collected 95 gold pieces.

Inventory:

Missiles
 d - 5 javelins (quivered)
Jewellery
 e - a ring of magical power
Scrolls
 c - a scroll of acquirement {unknown}
 f - a scroll of identify {unknown}
 g - a scroll of enchant weapon {unknown}
Potions
 a - a potion of haste


   Skills:
 - Level 3.2 Fighting
 - Level 2.6 Dodging
 - Level 1.7 Stealth
 + Level 5.0 Unarmed Combat


You had 3 spell levels left.
You didn't know any spells.
Your spell library was empty.

Dungeon Overview and Level Annotations

Branches:
Dungeon (2/15)

Altars:


Innate Abilities, Weirdness & Mutations

Your plain brown scales are hard. (AC +5)
You cannot fit into any form of body armour.
You are cold-blooded and may be slowed by cold attacks.
You are clumsy. (Dex -2)
You are somewhat resistant to further mutation.


Message History

Robin is lightly wounded.
Robin hits you with a +0 club.
* * * LOW HITPOINT WARNING * * *
You hit Robin but do no damage. You tail-slap Robin.
Robin is moderately wounded.
The hobgoblin no longer looks unusually strong.
Robin roars a battlecry!
The hobgoblin goes into a battle-frenzy!
You hit Robin.
Robin is heavily wounded.
Robin barely misses you.
Unknown command.
It was a potion of mutation.
You feel extremely strange.
You feel clumsy.
You feel genetically stable. Robin misses you.
It was a potion of attraction.
You feel attractive to monsters. Robin hits you with a +0 club.
* * * LOW HITPOINT WARNING * * *
It was a potion of haste.
You feel yourself speed up. Robin hits you but does no damage.
You hit Robin but do no damage.
Robin is heavily wounded.
You punch Robin!
Robin is almost dead.
Robin closely misses you.
You hit Robin.
You kill Robin!
The hobgoblin is pulled toward you!
Your Unarmed Combat skill increases to level 5!
You have reached level 4!
You feel stronger.
You hit the hobgoblin.
The hobgoblin is almost dead.
The hobgoblin hits you.
* * * LOW HITPOINT WARNING * * *
You hit the hobgoblin.
The hobgoblin is almost dead.
The hobgoblin hits you.
You die...

### .. ##############
.#
#.....[......######.###
#.####.#...#...@g)....#
#.####.#...#.######.#.#
#......#...#?# ..g
#....#.#####.#


ggg.. #..#.#.#####.# g#.##.# #............# ...# # #.#.##.####### .# #
#......### g# ###.)....# You could see a hobgoblin (strong).

Vanquished Creatures
  Robin (D:2)
  2 adders (D:2)
  A worm (D:2)
  A dart slug (D:2)
  2 bats (D:1)
  2 endoplasms (D:2)
  A giant cockroach (D:2)
  12 goblins
  3 hobgoblins
  4 jackals (D:2)
  4 ball pythons
  4 frilled lizards
  A kobold (D:2)
  3 rats
41 creatures vanquished.

Notes
Turn   | Place    | Note
-------+----------+-------------------------------------------
     0 | D:1      | pkoi the Draconian Monk began the quest for the Orb.
     0 | D:1      | Reached XP level 1. HP: 19/19 MP: 1/1
   988 | D:1      | Reached XP level 2. HP: 20/26 MP: 2/2
  1191 | D:2      | Reached skill level 4 in Unarmed Combat
  1404 | D:2      | Reached XP level 3. HP: 30/31 MP: 3/3
  1709 | D:2      | Noticed Robin
  1740 | D:2      | Gained mutation: You are clumsy. (Dex -2) [potion of
                  | mutation]
  1740 | D:2      | Gained mutation: You are somewhat resistant to further
                  | mutation. [potion of mutation]
  1745 | D:2      | Killed Robin
  1746 | D:2      | Reached skill level 5 in Unarmed Combat
  1746 | D:2      | Reached XP level 4. HP: 6/38 MP: 2/4
  1747 | D:2      | Slain by a hobgoblin

Illustrated notes

Levels and vault maps discovered:
D:1:      roderic_dead_forest, layout_basic, st_stairs_13
D:2:      layout_loops_cross, uniq_robin

Skill      XL: |  1  2  3 |
---------------+----------+-----
Unarmed Combat | 4 5 |  5.0
Fighting       | |  3.2
Dodging        | |  2.6
Stealth        | |  1.7

Action                   |  1- 3 |  4- 6 || total
-------------------------+-------+-------++-------
Melee: Unarmed           |   130 |     2 ||   132
       Tailslap          |    18 |       ||    18
       Punch             |     2 |       ||     2
  Use: Potion            |     3 |       ||     3
 Stab: Sleeping          |     3 |       ||     3
Armor: Skin              |    29 |       ||    29
Dodge: Dodged            |    77 |       ||    77
